TOP OF THE 1ST |
Orem Owlz batting - Pitching for Oakland (APP) Athletics : RHP Emilio Gonzalez
|
Pitching: RHP Emilio Gonzalez
|
|
Batting: RHB Jose Ramirez
|
0-0: Called Strike 0-1: Ball 1-1: Ground out 5-3 (Groundball, 56S, EV 89.4 MPH)
|
Batting: RHB Dan Burkhart
|
0-0: Swinging Strike 0-1: Swinging Strike 0-2: Strikes out swinging
|
Batting: LHB Mario Anguiano
|
0-0: Ball 1-0: Ball 2-0: Called Strike 2-1: Foul Ball, location: 2F 2-2: Strikes out looking
|
Top of the 1st over - 0 runs, 0 hits, 0 errors, 0 left on base; Orem 0 - Oakland (APP) 0 |
BOTTOM OF THE 1ST |
Oakland (APP) Athletics batting - Pitching for Orem Owlz : RHP Jeff Shelton
|
Pitching: RHP Jeff Shelton
|
|
Batting: RHB Matt Sherard
|
0-0: Foul Ball, location: 2F 0-1: Called Strike 0-2: Hit by Pitch
|
Batting: RHB Colin Coleman
|
0-0: Called Strike 0-1: Fly out, F8 (Flyball, 8LM, EV 87.5 MPH)
|
Batting: LHB Tom Raupp
|
0-0: Ball Matt Sherard is caught stealing 2nd base 2-6 1-0: SOLO HOME RUN (Flyball, 89XD, EV 101.2 MPH), Distance : 403 ft
|
Batting: RHB Matt Black
|
0-0: Ball 1-0: Ball 2-0: Ball 3-0: Base on Balls
|
Batting: RHB Moses Brokken
|
0-0: Ball 1-0: Fly out, F8 (Flyball, 89D, EV 105.6 MPH)
|
Bottom of the 1st over - 1 run, 1 hit, 0 errors, 1 left on base; Orem 0 - Oakland (APP) 1 |
TOP OF THE 2ND |
Orem Owlz batting - Pitching for Oakland (APP) Athletics : RHP Emilio Gonzalez
|
Batting: LHB Jamie Diebel
|
0-0: Called Strike 0-1: Ball 1-1: Ball 2-1: Reached on error, E6 (Groundball, 6, EV 84.4 MPH)
|
Batting: RHB T.J. Gray
|
0-0: Called Strike 0-1: Called Strike 0-2: Foul Ball, location: 2F 0-2: Fly out, F7 (Flyball, 7, EV 94.4 MPH)
|
Batting: LHB Spencer Palmer
|
0-0: Ball 1-0: Ball 2-0: Foul Ball, location: 2F 2-1: Called Strike 2-2: Foul Ball, location: 2F 2-2: Strikes out swinging
|
Batting: RHB Edward Hillock
|
0-0: Ball 1-0: Ball 2-0: Fly out, F8 (Line Drive, 8RD, EV 111.9 MPH)
|
Top of the 2nd over - 0 runs, 0 hits, 1 error, 1 left on base; Orem 0 - Oakland (APP) 1 |
BOTTOM OF THE 2ND |
Oakland (APP) Athletics batting - Pitching for Orem Owlz : RHP Jeff Shelton
|
Batting: LHB Miguel Torres
|
0-0: Ground out 6-3 (Groundball, 6, EV 84.4 MPH)
|
Batting: RHB Zack DiCicco
|
0-0: Called Strike 0-1: SOLO HOME RUN (Flyball, 7LD, EV 94.4 MPH), Distance : 343 ft
|
Batting: RHB Dave Vezina
|
0-0: Ball 1-0: Ground out 5-3 (Groundball, 56S, EV 86.2 MPH)
|
Batting: RHB Brian Callaghan
|
0-0: Called Strike 0-1: Reached via error on a dropped throw from SS, E3 (Groundball, 56, EV 84.4 MPH)
|
Batting: RHB Matt Sherard
|
0-0: Ball Wild Pitch! Brian Callaghan to second 1-0: Foul Ball, location: 2F 1-1: Hit by Pitch
|
Batting: RHB Colin Coleman
|
0-0: Fielders Choice at 2nd, U4 (Groundball, 4M, EV 91.2 MPH)
|
Bottom of the 2nd over - 1 run, 1 hit, 1 error, 2 left on base; Orem 0 - Oakland (APP) 2 |
TOP OF THE 3RD |
Orem Owlz batting - Pitching for Oakland (APP) Athletics : RHP Emilio Gonzalez
|
Batting: RHB J.R. Roberts
|
0-0: Called Strike 0-1: Called Strike 0-2: Strikes out looking
|
Batting: LHB Mutsuo IIda
|
0-0: Swinging Strike 0-1: Foul Ball, location: 2F 0-2: Foul Ball, location: 2F 0-2: Foul Ball, location: 2F 0-2: Ball 1-2: Strikes out looking
|
Batting: RHB Jose Ramirez
|
0-0: Ball 1-0: Swinging Strike 1-1: SINGLE (Line Drive, 9S, EV 111.2 MPH)
|
Batting: RHB Dan Burkhart
|
0-0: Ball 1-0: Ball 2-0: Ball Jose Ramirez steals 2nd base 3-0: Called Strike 3-1: Called Strike 3-2: Ground out 5-3 (Groundball, 56, EV 78.8 MPH)
|
Top of the 3rd over - 0 runs, 1 hit, 0 errors, 1 left on base; Orem 0 - Oakland (APP) 2 |
BOTTOM OF THE 3RD |
Oakland (APP) Athletics batting - Pitching for Orem Owlz : RHP Jeff Shelton
|
Batting: LHB Tom Raupp
|
0-0: Ball 1-0: Fly out, F9 (Flyball, 9, EV 88.8 MPH)
|
Batting: RHB Matt Black
|
0-0: Ball 1-0: SINGLE (Groundball, 34D, EV 98.8 MPH)
|
Batting: RHB Moses Brokken
|
0-0: Called Strike 0-1: Ball 1-1: Ball 2-1: Ball 3-1: Grounds into double play, 6-4-3 (Groundball, 6, EV 101.9 MPH)
|
Bottom of the 3rd over - 0 runs, 1 hit, 0 errors, 0 left on base; Orem 0 - Oakland (APP) 2 |
TOP OF THE 4TH |
Orem Owlz batting - Pitching for Oakland (APP) Athletics : RHP Emilio Gonzalez
|
Batting: LHB Mario Anguiano
|
0-0: Ball 1-0: Ball 2-0: Fly out, F7 (Flyball, 7LM, EV 93.1 MPH)
|
Batting: LHB Jamie Diebel
|
0-0: Called Strike 0-1: SINGLE (Flyball, 89S, EV 85.6 MPH)
|
Batting: RHB T.J. Gray
|
0-0: Called Strike 0-1: Swinging Strike 0-2: Ball 1-2: Strikes out swinging
|
Batting: LHB Spencer Palmer
|
0-0: Called Strike Jamie Diebel steals 2nd base 0-1: SINGLE (Groundball, 4MS, EV 69.4 MPH) (infield hit) Jamie Diebel to third
|
Batting: RHB Edward Hillock
|
0-0: Ball 1-0: Called Strike 1-1: Swinging Strike 1-2: Fielders Choice at 2nd, 5-4 (Groundball, 56, EV 83.8 MPH)
|
Top of the 4th over - 0 runs, 2 hits, 0 errors, 2 left on base; Orem 0 - Oakland (APP) 2 |
BOTTOM OF THE 4TH |
Oakland (APP) Athletics batting - Pitching for Orem Owlz : RHP Jeff Shelton
|
Batting: LHB Miguel Torres
|
0-0: SINGLE (Groundball, 34D, EV 109.4 MPH)
|
Batting: RHB Zack DiCicco
|
0-0: Swinging Strike 0-1: Foul Ball, location: 2F 0-2: Foul Ball, location: 2F 0-2: Grounds into double play, 5-4-3 (Groundball, 56S, EV 83.8 MPH)
|
Batting: RHB Dave Vezina
|
0-0: SINGLE (Flyball, 5D, EV 87.5 MPH)
|
Batting: RHB Brian Callaghan
|
0-0: Ball Wild Pitch! Dave Vezina to second 1-0: Swinging Strike 1-1: Fly out, F9 (Flyball, 89D, EV 88.8 MPH)
|
Bottom of the 4th over - 0 runs, 2 hits, 0 errors, 1 left on base; Orem 0 - Oakland (APP) 2 |
TOP OF THE 5TH |
Orem Owlz batting - Pitching for Oakland (APP) Athletics : RHP Emilio Gonzalez
|
Batting: RHB J.R. Roberts
|
0-0: Ball 1-0: Ball 2-0: Foul Ball, location: 2F 2-1: Foul Ball, location: 2F 2-2: Ball 3-2: Foul Ball, location: 2F 3-2: Foul Ball, location: 2F 3-2: Base on Balls
|
Batting: LHB Mutsuo IIda
|
0-0: Fielders Choice at 2nd, 6-4 (Groundball, 6M, EV 110.0 MPH)
|
Batting: RHB Jose Ramirez
|
0-0: Ball 1-0: Ball 2-0: Ball 3-0: Called Strike 3-1: Base on Balls Mutsuo IIda to second
|
Batting: RHB Dan Burkhart
|
0-0: Grounds into double play, 6-4-3 (Groundball, 6, EV 91.9 MPH)
|
Top of the 5th over - 0 runs, 0 hits, 0 errors, 1 left on base; Orem 0 - Oakland (APP) 2 |
BOTTOM OF THE 5TH |
Oakland (APP) Athletics batting - Pitching for Orem Owlz : RHP Jeff Shelton
|
Batting: RHB Matt Sherard
|
0-0: Called Strike 0-1: Ball 1-1: Foul Ball, location: 2F 1-2: Foul Ball, location: 2F 1-2: Ball 2-2: Ball 3-2: Ground out 6-3 (Groundball, 6, EV 94.4 MPH)
|
Batting: RHB Colin Coleman
|
0-0: Ball 1-0: Fly out, F4 (Flyball, 4D, EV 82.5 MPH)
|
Batting: LHB Tom Raupp
|
0-0: Called Strike 0-1: Swinging Strike 0-2: SINGLE (Groundball, 34D, EV 104.4 MPH)
|
Batting: RHB Matt Black
|
0-0: Ball 1-0: Called Strike 1-1: Foul Ball, location: 2F 1-2: Foul Ball, location: 2F 1-2: Ball 2-2: Ball 3-2: Base on Balls Tom Raupp to second
|
Batting: RHB Moses Brokken
|
0-0: Called Strike 0-1: Foul Ball, location: 2F 0-2: Ball 1-2: Fly out, F9 (Flyball, 9LS, EV 85.0 MPH)
|
Bottom of the 5th over - 0 runs, 1 hit, 0 errors, 2 left on base; Orem 0 - Oakland (APP) 2 |
TOP OF THE 6TH |
Orem Owlz batting - Pitching for Oakland (APP) Athletics : RHP Emilio Gonzalez
|
Batting: LHB Mario Anguiano
|
0-0: Ball 1-0: Fly out, F8 (Flyball, 78D, EV 102.5 MPH)
|
Batting: LHB Jamie Diebel
|
0-0: Called Strike 0-1: Ball 1-1: Ball 2-1: Foul Ball, location: 2F 2-2: Foul Ball, location: 2F 2-2: Fly out, F8 (Flyball, 8RXD, EV 104.4 MPH)
|
Batting: RHB T.J. Gray
|
0-0: Ground out 6-3 (Groundball, 6M, EV 87.5 MPH)
|
Top of the 6th over - 0 runs, 0 hits, 0 errors, 0 left on base; Orem 0 - Oakland (APP) 2 |
BOTTOM OF THE 6TH |
Oakland (APP) Athletics batting - Pitching for Orem Owlz : RHP Jeff Shelton
|
Batting: LHB Miguel Torres
|
0-0: Swinging Strike 0-1: DOUBLE (Line Drive, 9LS, EV 88.8 MPH)
|
Batting: RHB Zack DiCicco
|
0-0: Ball 1-0: Foul Ball, location: 2F 1-1: Ball 2-1: Foul Ball, location: 2F 2-2: Foul Ball, location: 2F 2-2: Strikes out swinging
|
Pitching: RHP Kunihiro Sasaki
|
|
Batting: RHB Dave Vezina
|
0-0: Ball Wild Pitch! Miguel Torres to third 1-0: Ball 2-0: Foul Ball, location: 2F 2-1: Ball 3-1: Base on Balls
|
Batting: RHB Brian Callaghan
|
0-0: Ball 1-0: Ball 2-0: Ball 3-0: Base on Balls Dave Vezina to second
|
Batting: RHB Matt Sherard
|
0-0: Ball 1-0: SINGLE (Flyball, 34D, EV 93.1 MPH) Miguel Torres scores Dave Vezina to third Brian Callaghan to second Runner from 3rd tries for Home, SAFE, throw by RF to home
|
Batting: RHB Colin Coleman
|
0-0: Foul Ball, location: 2F 0-1: Ball 1-1: Ball Brian Callaghan steals 3rd base Matt Sherard to second 2-1: Foul Ball, location: 2F 2-2: Ball 3-2: Foul Ball, location: 2F 3-2: SINGLE (Line Drive, 4MD, EV 105.6 MPH) Brian Callaghan scores Matt Sherard to third
|
Pitching: RHP Dean LeCroy
|
|
Batting: LHB Tom Raupp
|
0-0: Ball 1-0: Ball 2-0: 3-RUN HOME RUN (Flyball, 89XD, EV 98.8 MPH), Distance : 391 ft
|
Batting: RHB Matt Black
|
0-0: Ball 1-0: Ball 2-0: Ball 3-0: Called Strike 3-1: Ground out 6-3 (Groundball, 56D, EV 98.1 MPH)
|
Batting: RHB Moses Brokken
|
0-0: Swinging Strike 0-1: Called Strike 0-2: Foul Ball, location: 2F 0-2: Ball 1-2: Strikes out swinging
|
Bottom of the 6th over - 6 runs, 4 hits, 0 errors, 0 left on base; Orem 0 - Oakland (APP) 8 |
TOP OF THE 7TH |
Orem Owlz batting - Pitching for Oakland (APP) Athletics : RHP Emilio Gonzalez
|
Batting: LHB Spencer Palmer
|
0-0: Ball 1-0: Called Strike 1-1: Ball 2-1: Ball 3-1: Ground out 4-3 (Groundball, 4, EV 86.9 MPH)
|
Batting: RHB Edward Hillock
|
0-0: Called Strike 0-1: Ball 1-1: Ball 2-1: Foul Ball, location: 2F 2-2: Ball 3-2: Fly out, F8 (Flyball, 89D, EV 90.6 MPH)
|
Batting: RHB J.R. Roberts
|
0-0: Called Strike 0-1: Foul Ball, location: 2F 0-2: Ball 1-2: DOUBLE (Groundball, 5L, EV 101.2 MPH)
|
Batting: LHB Mutsuo IIda
|
0-0: Foul Ball, location: 2F 0-1: Ball 1-1: SINGLE (Groundball, 56D, EV 106.2 MPH) J.R. Roberts to third Runner from 3rd tries for Home, throw by LF and OUT! 7-2
|
Top of the 7th over - 0 runs, 2 hits, 0 errors, 1 left on base; Orem 0 - Oakland (APP) 8 |
BOTTOM OF THE 7TH |
Oakland (APP) Athletics batting - Pitching for Orem Owlz : RHP Dean LeCroy
|
Batting: LHB Miguel Torres
|
0-0: Ball 1-0: Ball 2-0: Ball 3-0: Base on Balls
|
Batting: RHB Zack DiCicco
|
0-0: Ball 1-0: Called Strike 1-1: Ball 2-1: Ball 3-1: Base on Balls Miguel Torres to second
|
Batting: RHB Dave Vezina
|
0-0: Ball 1-0: Called Strike 1-1: Ball 2-1: Swinging Strike 2-2: Ball 3-2: Foul Ball, location: 2F 3-2: Strikes out swinging
|
Batting: RHB Brian Callaghan
|
0-0: Foul Ball, location: 2F 0-1: Swinging Strike 0-2: Ball 1-2: Ball 2-2: Ball 3-2: Foul Ball, location: 2F 3-2: Base on Balls Miguel Torres to third Zack DiCicco to second
|
Batting: RHB Matt Sherard
|
0-0: Called Strike 0-1: Ball 1-1: Foul Ball, location: 2F 1-2: Fly out, F6 (Popup, P, EV 80.0 MPH)
|
Batting: RHB Colin Coleman
|
0-0: Foul Ball, location: 2F 0-1: Ball 1-1: Fly out, F8 (Flyball, 89D, EV 89.4 MPH)
|
Bottom of the 7th over - 0 runs, 0 hits, 0 errors, 3 left on base; Orem 0 - Oakland (APP) 8 |
TOP OF THE 8TH |
Orem Owlz batting - Pitching for Oakland (APP) Athletics : RHP Emilio Gonzalez
|
Batting: RHB Jose Ramirez
|
0-0: Ball 1-0: Fly out, F3 (Popup, 3SF, EV 69.4 MPH)
|
Batting: RHB Dan Burkhart
|
0-0: Ball 1-0: Called Strike 1-1: Ball 2-1: Ground out 3-1 (Groundball, 13, EV 87.5 MPH)
|
Batting: LHB Mario Anguiano
|
0-0: Ball 1-0: Fly out, F3 (Line Drive, 3, EV 62.5 MPH)
|
Top of the 8th over - 0 runs, 0 hits, 0 errors, 0 left on base; Orem 0 - Oakland (APP) 8 |
BOTTOM OF THE 8TH |
Oakland (APP) Athletics batting - Pitching for Orem Owlz : RHP Dean LeCroy
|
Pinch Hitting: SHB George Marshall
|
0-0: Called Strike 0-1: Foul Ball, location: 2F 0-2: Ball 1-2: SINGLE (Groundball, 4MD, EV 98.8 MPH)
|
Batting: RHB Matt Black
|
0-0: Called Strike 0-1: Foul Ball, location: 2F 0-2: Ball 1-2: 2-RUN HOME RUN (Flyball, 9LD, EV 92.5 MPH), Distance : 342 ft
|
Pitching: RHP Victor Padilla
|
|
Batting: RHB Moses Brokken
|
0-0: Ball 1-0: Ball 2-0: Called Strike 2-1: Foul Ball, location: 2F 2-2: Fly out, F8 (Flyball, 8LM, EV 88.8 MPH)
|
Batting: LHB Miguel Torres
|
0-0: Called Strike 0-1: Called Strike 0-2: Foul Ball, location: 2F 0-2: Ball 1-2: Foul Ball, location: 2F 1-2: Ball 2-2: Foul Ball, location: 2F 2-2: Hit by Pitch
|
Batting: RHB Zack DiCicco
|
0-0: Called Strike 0-1: Ball 1-1: Ball 2-1: Ball 3-1: Swinging Strike 3-2: Foul Ball, location: 2F 3-2: Base on Balls Miguel Torres to second
|
Batting: RHB Dave Vezina
|
0-0: Swinging Strike 0-1: Ball 1-1: Swinging Strike 1-2: Ball 2-2: Foul Ball, location: 2F 2-2: Grounds into double play, 5-4-3 (Groundball, 5, EV 88.8 MPH)
|
Bottom of the 8th over - 2 runs, 2 hits, 0 errors, 1 left on base; Orem 0 - Oakland (APP) 10 |
TOP OF THE 9TH |
Orem Owlz batting - Pitching for Oakland (APP) Athletics : RHP Emilio Gonzalez
|
Pitching: RHP Eric Stevenson
|
|
Now at 1B: Cy Ostrowski
|
|
Batting: LHB Jamie Diebel
|
0-0: Ball 1-0: Foul Ball, location: 2F 1-1: Ball 2-1: Ball 3-1: DOUBLE (Line Drive, 3D, EV 103.8 MPH)
|
Batting: RHB T.J. Gray
|
0-0: Swinging Strike 0-1: Ball 1-1: Foul Ball, location: 2F 1-2: Strikes out swinging
|
Batting: LHB Spencer Palmer
|
0-0: Swinging Strike 0-1: Ball 1-1: Foul Ball, location: 2F 1-2: Ball 2-2: Fly out, F7 (Flyball, 7, EV 90.0 MPH)
|
Batting: RHB Edward Hillock
|
0-0: Swinging Strike 0-1: Ball 1-1: Fly out, F7 (Flyball, 7LD, EV 95.6 MPH)
|
Top of the 9th over - 0 runs, 1 hit, 0 errors, 1 left on base; Orem 0 - Oakland (APP) 10 |
|